[Event "Titled Tuesday Blitz February 22 Early 2022"]
[White "Samant Aditya S"]
[Black "Dzhaparov, Medet"]
[WhiteFideId "35080580"]
[BlackFideId "13803689"]
[WhiteElo "1916"]
[BlackElo "1702"]
[Result "1-0"]
[Round "01"]
[TimeControl "180+1"]
[Date "2022.02.22"]
[WhiteClock "0:02:39"]
[BlackClock "0:02:03"]

1. e4 e5 2. Nf3 Nc6 3. d4 exd4 4. Bc4 Nf6 5. O-O Bc5 6. e5 d5 7. exf6 dxc4 8. fxg7 Rg8 9. Bg5 Be7 10. Bxe7 Qxe7 11. Nxd4 Nxd4 12. Qxd4 Be6 13. Nc3 a6 14. Nd5 Qd6 15. Nf6+ 1-0


[Site "https://www.chess.com"]

[Event "Titled Tuesday Blitz February 22 Early 2022"]
[White "Sarana, Alexey"]
[Black "Do Nascimento,Christian Almeida"]
[WhiteFideId "24133795"]
[BlackFideId "2143801"]
[WhiteElo "2665"]
[BlackElo "2108"]
[Result "1-0"]
[Round "01"]
[TimeControl "180+1"]
[Date "2022.02.22"]
[WhiteClock "0:01:18"]
[BlackClock "0:00:18"]

1. d4 Nf6 2. c4 e6 3. Nc3 Bb4 4. e3 O-O 5. Bd3 c5 6. Ne2 d5 7. a3 dxc4 8. Bxc4 Bxc3+ 9. bxc3 cxd4 10. cxd4 Bd7 11. f3 e5 12. dxe5 Qa5+ 13. Qd2 Qxe5 14. Bb2 Qg5 15. O-O Bc6 16. Rad1 Nbd7 17. e4 Qc5+ 18. Qd4 Qxd4+ 19. Bxd4 Nb6 20. Ba2 Rfd8 21. Nc3 Nfd7 22. Rc1 Nf8 23. Rfd1 Ne6 24. Be3 Rxd1+ 25. Rxd1 Rd8 26. Rxd8+ Nxd8 27. Kf2 Kf8 28. f4 Ke8 29. g4 g6 30. h4 Bd7 31. f5 Nc6 32. Kg3 Ne5 33. Bd4 Nec4 34. Nd5 Nxd5 35. Bxc4 Nb6 36. Bb3 h5 37. gxh5 gxf5 38. h6 1-0


[Site "https://www.chess.com"]

[Event "Titled Tuesday Blitz February 22 Early 2022"]
[White "Sargissyan, Sargis"]
[Black "Laxman, R.R."]
[WhiteFideId "13303210"]
[BlackFideId "5005361"]
[WhiteElo "2174"]
[BlackElo "2476"]
[Result "0-1"]
[Round "01"]
[TimeControl "180+1"]
[Date "2022.02.22"]
[WhiteClock "0:00:16"]
[BlackClock "0:01:47"]

1. e4 e5 2. Nf3 Nc6 3. Bb5 a6 4. Ba4 Nf6 5. d3 b5 6. Bb3 Bc5 7. Nc3 h6 8. Nd5 d6 9. c3 O-O 10. Nxf6+ Qxf6 11. Bd5 Bd7 12. g4 Bxg4 13. Rg1 Bxf3 14. Qd2 Ne7 15. Bxa8 Rxa8 16. Qxh6 Ng6 17. Qg5 Qxg5 18. Bxg5 f6 19. Be3 Kf7 20. Rg3 Nh4 21. Kd2 Bh5 22. a4 b4 23. Bxc5 bxc3+ 24. bxc3 dxc5 25. Rb1 Nf3+ 26. Kc2 Rd8 27. a5 g5 28. Rb7 Rd7 29. Ra7 Rd6 30. Rxc7+ Kg6 31. Rxc5 Nxh2 32. Rc8 Be2 33. Rg8+ Kf7 34. Rb8 g4 35. Rb6 Rd8 36. Rxa6 Nf1 37. Ra7+ Kg6 38. Rg1 Bxd3+ 39. Kb3 Nd2+ 40. Ka4 Nxe4 41. Rxg4+ Kf5 42. Rg1 Rb8 43. a6 Nc5+ 44. Ka5 Rb5# 0-1


[Site "https://www.chess.com"]

[Event "Titled Tuesday Blitz February 22 Early 2022"]
[White "Seifert, Henryk"]
[Black "Ginzburg, Yakov"]
[WhiteFideId "1100963"]
[BlackFideId "4157176"]
[WhiteElo "2120"]
[BlackElo "2265"]
[Result "0-1"]
[Round "01"]
[TimeControl "180+1"]
[Date "2022.02.22"]
[WhiteClock "0:00:09"]
[BlackClock "0:01:08"]

1. e4 c5 2. Nf3 e6 3. c3 d5 4. exd5 exd5 5. Bb5+ Bd7 6. Qe2+ Qe7 7. O-O Qxe2 8. Bxe2 Nf6 9. d4 c4 10. b3 cxb3 11. axb3 Bd6 12. Ba3 Bxa3 13. Nxa3 O-O 14. Nb5 Nc6 15. Nd6 Rab8 16. Bd3 g6 17. Ne5 a6 18. b4 Nxe5 19. dxe5 Ne8 20. Rfe1 Nxd6 21. exd6 Rbc8 22. Re7 Rfd8 23. Rc1 b5 24. Kf1 Be6 25. Ra7 Rxd6 26. Ke2 d4 27. Ra1 dxc3 28. R1xa6 Rxa6 29. Rxa6 c2 0-1


[Site "https://www.chess.com"]

[Event "Titled Tuesday Blitz February 22 Early 2022"]
[White "Shton, Roman"]
[Black "Golubka, Petro"]
[WhiteFideId "14137461"]
[BlackFideId "14114224"]
[WhiteElo "2038"]
[BlackElo "2392"]
[Result "0-1"]
[Round "01"]
[TimeControl "180+1"]
[Date "2022.02.22"]
[WhiteClock "0:00:09"]
[BlackClock "0:00:58"]

1. d4 d5 2. Nf3 e6 3. g3 Nf6 4. Bg2 Be7 5. O-O O-O 6. c4 c6 7. Nbd2 Nbd7 8. Qc2 a5 9. e4 a4 10. e5 Ne8 11. Re1 Nc7 12. Nf1 dxc4 13. Qxc4 Nd5 14. h4 a3 15. b3 c5 16. N1h2 b5 17. Qc2 Nb4 18. Qb1 Bb7 19. Ng5 Bxg5 20. Bxb7 Bxc1 21. Bxa8 Bb2 22. Be4 cxd4 23. Bxh7+ Kh8 24. Qe4 Nc5 25. Qe2 Kxh7 26. Qh5+ Kg8 27. Ng4 Bxa1 28. Rxa1 Nd5 29. Rd1 Ne4 30. Rxd4 Nxg3 31. fxg3 Qb6 32. Qg5 Qxd4+ 33. Kh2 Qe4 34. h5 Qh7 35. Kg2 Kh8 36. h6 gxh6 37. Nxh6 f6 38. exf6 Nxf6 39. Ng4 Nxg4 40. Qxg4 Qc2+ 0-1


[Site "https://www.chess.com"]

[Event "Titled Tuesday Blitz February 22 Early 2022"]
[White "Shtyka, Sergey"]
[Black "Tsydypov, Zhamsaran"]
[WhiteFideId "4138465"]
[BlackFideId "4108566"]
[WhiteElo "2014"]
[BlackElo "2614"]
[Result "0-1"]
[Round "01"]
[TimeControl "180+1"]
[Date "2022.02.22"]
[WhiteClock "0:00:07"]
[BlackClock "0:00:08"]

1. e4 c6 2. Nf3 d5 3. Nc3 dxe4 4. Nxe4 Bg4 5. h3 Bh5 6. Ng3 Bg6 7. h4 Nf6 8. h5 Be4 9. Nxe4 Nxe4 10. d3 Nf6 11. h6 gxh6 12. Bxh6 Bxh6 13. Rxh6 Qb6 14. Rxf6 exf6 15. Qe2+ Kd8 16. O-O-O Nd7 17. d4 Qa5 18. Kb1 Kc7 19. Qe4 Qd5 20. Qf4+ Qd6 21. Qd2 Rae8 22. Bc4 Re7 23. a3 Kb8 24. Qh6 Nb6 25. Bb3 Nd5 26. Qg7 Rd8 27. Qxh7 a5 28. g3 Re2 29. Qxf7 Rxf2 30. Nd2 Re2 31. Nc4 Qxg3 32. Nxa5 Qc7 33. Qh5 Rh2 34. Nxc6+ bxc6 35. Qf5 Ne3 36. Qxf6 Nxd1 37. d5 cxd5 38. Qd4 Rh1 39. Ka2 Rd6 40. Bxd5 Nc3+ 41. bxc3 Qb6 42. Qxb6+ Rxb6 43. Bb3 Rh2 44. a4 Kc7 45. Ka3 Rc6 46. c4 Rh4 47. Kb4 Rb6+ 48. Kc5 Rd6 49. Kb4 Kb6 50. a5+ Kc7 51. Ka4 Rc6 52. Kb5 Kb7 53. c5 Rh5 54. c4 Rcxc5+ 55. Kb4 Rxa5 56. Bc2 Rac5 57. Be4+ Kb6 58. Bf3 Rh4 59. Bd5 Rd4 60. Be6 Rd6 61. Bf7 Rf6 62. Be8 Rf4 63. Bb5 Rxb5+ 64. Kc3 Rc5 0-1


[Site "https://www.chess.com"]

[Event "Titled Tuesday Blitz February 22 Early 2022"]
[White "Shuvalova, Polina"]
[Black "Skuhala, Barbara"]
[WhiteFideId "24171760"]
[BlackFideId "14605465"]
[WhiteElo "2355"]
[BlackElo "2159"]
[Result "1/2-1/2"]
[Round "01"]
[TimeControl "180+1"]
[Date "2022.02.22"]
[WhiteClock "0:00:41"]
[BlackClock "0:00:45"]

1. d4 Nf6 2. Nf3 e6 3. Bf4 d5 4. e3 Bd6 5. Nbd2 O-O 6. c3 Nbd7 7. Bd3 Re8 8. Bxd6 cxd6 9. O-O e5 10. Be2 e4 11. Ne1 Nf8 12. Qb3 Ng6 13. Rc1 a6 14. a4 Qe7 15. Nc2 h6 16. a5 Be6 17. Nb4 Rac8 18. Rc2 Nh4 19. g3 Ng6 20. Rfc1 h5 21. c4 dxc4 22. Bxc4 Bxc4 23. Nxc4 h4 24. Nb6 Rxc2 25. Rxc2 hxg3 26. hxg3 Ng4 27. Qd5 Qf6 28. Qc4 Qg5 29. Qf1 Nxe3 30. fxe3 Qxg3+ 31. Rg2 Qxe3+ 32. Qf2 Qc1+ 33. Qf1 Qe3+ 34. Kh1 Qh3+ 35. Kg1 Qe3+ 1/2-1/2


[Site "https://www.chess.com"]

[Event "Titled Tuesday Blitz February 22 Early 2022"]
[White "Singh, Arvinder Preet"]
[Black "Bellissimo, Joseph F."]
[WhiteFideId "5013240"]
[BlackFideId "2609843"]
[WhiteElo "2147"]
[BlackElo "2061"]
[Result "1-0"]
[Round "01"]
[TimeControl "180+1"]
[Date "2022.02.22"]
[WhiteClock "0:00:13"]
[BlackClock "0:00:18"]

1. e4 e6 2. d4 d5 3. Nc3 Nf6 4. e5 Nfd7 5. f4 c5 6. Nf3 Nc6 7. Ne2 a6 8. c3 b5 9. dxc5 Bxc5 10. Ned4 Qb6 11. Be3 f6 12. b4 Bxd4 13. Bxd4 Nxd4 14. Qxd4 O-O 15. Bd3 a5 16. Qxb6 Nxb6 17. Bxb5 axb4 18. cxb4 Ra3 19. O-O Rd8 20. Rfd1 Kf7 21. Nd4 Bd7 22. Bxd7 Nxd7 23. Nb5 Ra4 24. exf6 Rxb4 25. Nd4 Rc8 26. fxg7 Nf6 27. Rab1 Rcc4 28. Rxb4 Rxb4 29. g3 Ne8 30. g8=Q+ Kxg8 31. Nxe6 Nf6 32. Rd4 Rb1+ 33. Kg2 Rb2+ 34. Kf3 Rxa2 35. h3 h6 36. g4 Kf7 37. f5 Ra3+ 38. Kg2 Ra2+ 39. Kg3 Ra3+ 40. Kh4 Rb3 41. Nf4 Rb5 42. Ra4 Rb7 43. Nh5 Ne4 44. Rd4 Rd7 45. Nf4 Nf6 46. Kg3 Rb7 47. Kf3 Rb3+ 48. Nd3 Ne4 49. Kf4 Ng5 50. h4 Ne4 51. Rxd5 Nf6 52. Rd4 Rb1 53. g5 Rf1+ 54. Ke5 hxg5 55. hxg5 Re1+ 56. Kd6 Ne8+ 57. Kd7 Re7+ 58. Kc6 Rc7+ 59. Kb5 Ra7 60. Ne5+ Kf8 61. g6 Rb7+ 62. Kc6 Rc7+ 63. Kb6 Re7 64. Nd7+ Kg8 65. Rd6 Re1 66. Re6 Rb1+ 67. Kc6 Ng7 68. Rf6 Rc1+ 69. Nc5 Nh5 70. Re6 Kg7 71. Re7+ Kg8 72. Kd6 Nf6 73. Ne6 Ne4+ 74. Ke5 Rc5+ 75. Kxe4 Rc8 76. f6 Kh8 77. Rh7+ Kg8 78. f7# 1-0


[Site "https://www.chess.com"]

[Event "Titled Tuesday Blitz February 22 Early 2022"]
[White "Srdanovic, Jovana"]
[Black "Zivkovic, Nemanja"]
[WhiteFideId "954810"]
[BlackFideId "942154"]
[WhiteElo "2059"]
[BlackElo "2388"]
[Result "1-0"]
[Round "01"]
[TimeControl "180+1"]
[Date "2022.02.22"]
[WhiteClock "0:00:32"]
[BlackClock "0:00:21"]

1. d4 Nf6 2. c4 e6 3. Nf3 b6 4. a3 Bb7 5. Nc3 g6 6. e3 Bg7 7. Bd3 d6 8. O-O Nbd7 9. e4 e5 10. d5 O-O 11. b4 Nh5 12. g3 Bc8 13. Ra2 a5 14. Qe2 Ndf6 15. Nh4 Bh3 16. Re1 Nd7 17. Nf3 h6 18. Kh1 f5 19. Ng1 fxe4 20. Nxe4 Bf5 21. g4 Nf4 22. Bxf4 Bxe4+ 23. Qxe4 Rxf4 24. Qxg6 axb4 25. Nh3 Nf8 26. Qh5 Rd4 27. Bf5 b3 28. Rb2 Qe8 29. Qxe8 Rxe8 30. Rxb3 Rxc4 31. g5 hxg5 32. Nxg5 Bh6 33. Ne6 Nxe6 34. Bxe6+ Kg7 35. Rg3+ Kf6 36. Reg1 Rh8 37. Rg6+ Ke7 38. Rg8 Rxg8 39. Rxg8 Bf4 40. Rg7+ Kf6 41. h4 e4 42. Rf7+ Ke5 43. Rf5+ Kd4 44. Rxf4 Rc2 45. Kg2 Kd3 46. Bf5 1-0


[Site "https://www.chess.com"]

[Event "Titled Tuesday Blitz February 22 Early 2022"]
[White "Srebrnic, Marko"]
[Black "Yuan, Qingyu"]
[WhiteFideId "14603616"]
[BlackFideId "8609772"]
[WhiteElo "2340"]
[BlackElo "2359"]
[Result "1-0"]
[Round "01"]
[TimeControl "180+1"]
[Date "2022.02.22"]
[WhiteClock "0:00:19"]
[BlackClock "0:00:05"]

1. e4 c6 2. d4 d5 3. f3 Qb6 4. Nc3 dxe4 5. fxe4 h5 6. Nge2 e5 7. Be3 exd4 8. Bxd4 Qc7 9. Qd2 Bg4 10. O-O-O Nd7 11. h3 Be6 12. Nf4 Ngf6 13. Nxe6 fxe6 14. Bc4 e5 15. Be3 b5 16. Be6 O-O-O 17. Rhf1 Kb7 18. Rxf6 gxf6 19. Qxd7 Bb4 20. Qxc7+ Kxc7 21. Rf1 Be7 22. a3 a5 23. Ne2 Rd6 24. Bf5 Rdd8 25. g4 h4 26. Ng1 b4 27. a4 b3 28. c3 Rd3 29. Re1 Rhd8 30. Nf3 Bf8 31. g5 fxg5 32. Bg4 Be7 33. Nxe5 Rxe3 34. Rxe3 Bd6 35. Nd3 Bg3 36. Kd2 c5 37. Ke2 c4 38. Nf2 Bf4 39. e5 Bxe3 40. Kxe3 Kc6 41. Bf3+ Kc7 42. Ne4 Rd3+ 43. Ke2 g4 44. Bxg4 Kd8 45. e6 Ke7 46. Nc5 Rxc3 47. bxc3 b2 48. Bf5 1-0


[Site "https://www.chess.com"]

[Event "Titled Tuesday Blitz February 22 Early 2022"]
[White "Srihari L R"]
[Black "Heinemann, Josefine"]
[WhiteFideId "46617116"]
[BlackFideId "12900460"]
[WhiteElo "2121"]
[BlackElo "2300"]
[Result "1-0"]
[Round "01"]
[TimeControl "180+1"]
[Date "2022.02.22"]
[WhiteClock "0:00:33"]
[BlackClock "0:00:03"]

1. Nf3 d5 2. c4 d4 3. e3 Nc6 4. exd4 Nxd4 5. Nxd4 Qxd4 6. d3 e5 7. Nc3 c6 8. Be3 Qd8 9. Be2 Nf6 10. O-O Be7 11. Qc2 O-O 12. Rad1 Bf5 13. Qb3 Qc7 14. h3 Rfd8 15. Rfe1 Nd7 16. Bg4 Bxg4 17. hxg4 Bc5 18. Ne4 Bxe3 19. Rxe3 Nf8 20. c5 Ne6 21. Qc3 Rd5 22. b4 a5 23. a3 axb4 24. axb4 b6 25. cxb6 Qxb6 26. Rc1 Rad8 27. Ng3 Nf4 28. Qxc6 Qxb4 29. Nf5 h6 30. Qc4 Nxd3 31. Qxb4 Nxb4 32. Ne7+ Kh7 33. Nxd5 Rxd5 34. Rc7 f6 35. Rb3 Rd4 36. f3 h5 37. gxh5 Kh6 38. Ra3 Nd5 39. Rd7 Rd1+ 40. Kh2 Kxh5 41. Rxg7 Nf4 42. Ra8 Kh6 43. Rg4 Rd7 44. Rh8+ Rh7 45. Rh4+ 1-0


[Site "https://www.chess.com"]

[Event "Titled Tuesday Blitz February 22 Early 2022"]
[White "Stefanov, Plamen"]
[Black "Dziththauly, Ramadhan"]
[WhiteFideId "2900980"]
[BlackFideId "7105525"]
[WhiteElo "2137"]
[BlackElo "2581"]
[Result "0-1"]
[Round "01"]
[TimeControl "180+1"]
[Date "2022.02.22"]
[WhiteClock "0:00:39"]
[BlackClock "0:02:05"]

1. e4 c5 2. Nf3 d6 3. Bb5+ Bd7 4. Bxd7+ Nxd7 5. c4 Ngf6 6. Nc3 g6 7. d4 cxd4 8. Nxd4 Bg7 9. Be3 O-O 10. f3 Rc8 11. b3 a6 12. a4 Qa5 13. Rc1 Nc5 14. O-O Qb4 15. Na2 Qa3 16. Qc2 e5 17. b4 Qxe3+ 18. Kh1 Qxd4 19. Rfd1 Qe3 20. bxc5 Qxc5 21. Qd3 Bh6 22. Rc2 Rfd8 23. Rb1 Qa5 24. Qb3 Nd7 25. Nc3 Nc5 26. Qb6 Qxb6 27. Rxb6 Nd7 28. Rxb7 Rxc4 29. g3 Nc5 30. Ra7 Nxa4 31. Nd5 Rxc2 32. Nf6+ Kg7 33. Nxh7 Kxh7 34. Rxf7+ Bg7 35. Rxg7+ Kxg7 0-1


[Site "https://www.chess.com"]

[Event "Titled Tuesday Blitz February 22 Early 2022"]
[White "Steil-Antoni, Fiona"]
[Black "Bodnar, Nikolay"]
[WhiteFideId "4001249"]
[BlackFideId "14106469"]
[WhiteElo "2059"]
[BlackElo "2296"]
[Result "0-1"]
[Round "01"]
[TimeControl "180+1"]
[Date "2022.02.22"]
[WhiteClock "0:00:04"]
[BlackClock "0:00:58"]

1. e4 e5 2. Bc4 Nf6 3. d3 c6 4. Nf3 d5 5. Bb3 Bb4+ 6. c3 Bd6 7. O-O O-O 8. Re1 Re8 9. Bg5 dxe4 10. dxe4 h6 11. Bh4 Na6 12. Nbd2 Nc5 13. Bc2 Bc7 14. h3 Ne6 15. Nc4 Qxd1 16. Raxd1 g5 17. Bg3 Nf4 18. Bxf4 exf4 19. e5 Nd5 20. Nd6 Bxd6 21. exd6 Be6 22. c4 Nb4 23. Bb3 c5 24. a3 Nc6 25. Ne5 Nd4 26. Ba4 Red8 27. d7 f6 28. Nd3 b6 29. b4 Bxd7 30. Bxd7 Rxd7 31. bxc5 Rad8 32. cxb6 axb6 33. Nb2 Nc2 34. Rxd7 Rxd7 35. Re6 Kf7 36. Rxb6 Nxa3 37. c5 Rc7 38. Nd3 Nc4 39. Ra6 Rd7 40. Nb4 Rd1+ 41. Kh2 Nd2 42. g3 f3 43. h4 Nf1+ 44. Kh3 Ne3 45. Kh2 Ng4+ 46. Kh3 Nxf2+ 47. Kh2 Rh1# 0-1


[Site "https://www.chess.com"]

[Event "Titled Tuesday Blitz February 22 Early 2022"]
[White "Sviridova, Vlada"]
[Black "Jaracz, Pawel"]
[WhiteFideId "24109606"]
[BlackFideId "1102222"]
[WhiteElo "2101"]
[BlackElo "2429"]
[Result "0-1"]
[Round "01"]
[TimeControl "180+1"]
[Date "2022.02.22"]
[WhiteClock "0:00:02"]
[BlackClock "0:00:08"]

1. d4 Nf6 2. c4 e6 3. Nf3 b6 4. g3 Ba6 5. b3 Bb4+ 6. Bd2 Be7 7. Bg2 Bb7 8. O-O O-O 9. Nc3 d5 10. Ne5 Nbd7 11. cxd5 exd5 12. Nd3 Ne4 13. Be1 Ndf6 14. Ne5 a6 15. Rc1 Bd6 16. h4 Qe7 17. Nd3 Rad8 18. Rc2 Rfe8 19. a4 c5 20. e3 Bc6 21. Nxe4 dxe4 22. Nb2 Bb7 23. Nc4 Bc7 24. Bc3 Nd5 25. Qe1 Nxc3 26. Qxc3 cxd4 27. exd4 Qf6 28. Rd1 Re7 29. Ne3 Bd6 30. Qb2 g6 31. Qc1 h5 32. Nc4 Bc7 33. Ne3 Kg7 34. Rxc7 Ba8 35. Rxe7 Qxe7 36. Qc3 Kh7 37. d5 Qd6 38. Qc4 f5 39. Qd4 f4 40. gxf4 Qxf4 41. Qxe4 Qf6 42. Nc4 Rf8 43. Rf1 Rf7 44. Qe6 Qf4 45. Qxb6 Qg4 46. Qd8 Rd7 47. Qe8 Bxd5 48. f3 Qd4+ 49. Kh2 Bf7 50. Qe4 Qc3 51. Rf2 Qxb3 52. Re2 Bxc4 53. Re3 Qb8+ 54. Kg1 Qd8 55. Qe5 Rd1+ 56. Kh2 Qxh4+ 57. Bh3 Rd2+ 58. Kg1 Rd1+ 59. Kh2 Qf2+ 60. Bg2 Bf7 61. Qe7 Kg7 62. Qe5+ Kg8 63. Qb8+ Kh7 64. Qe5 Qh4+ 65. Bh3 Rd2+ 66. Re2 Rxe2+ 67. Qxe2 Qf4+ 68. Kg2 h4 69. Qe7 Qg3+ 70. Kf1 Qxh3+ 71. Ke2 Qf5 72. Kf2 Qf4 73. Qd8 Kg7 0-1


[Site "https://www.chess.com"]

[Event "Titled Tuesday Blitz February 22 Early 2022"]
[White "Szalay, Karoly"]
[Black "Urazayev, Arystanbek"]
[WhiteFideId "2600544"]
[BlackFideId "13709810"]
[WhiteElo "2448"]
[BlackElo "2321"]
[Result "0-1"]
[Round "01"]
[TimeControl "180+1"]
[Date "2022.02.22"]
[WhiteClock "0:01:15"]
[BlackClock "0:00:58"]

1. e4 c5 2. Nf3 e6 3. d4 cxd4 4. Nxd4 Nf6 5. Nc3 Nc6 6. Be3 Bb4 7. Bd3 d5 8. exd5 Nxd5 9. Nxc6 bxc6 10. Bd2 Rb8 11. O-O O-O 12. a3 Bd6 13. b4 Qh4 14. g3 Qe7 15. Ne4 Be5 16. Rb1 Bd4 17. c3 Bb6 18. c4 Nf6 19. c5 Nxe4 20. Bxe4 Bc7 21. Bxc6 e5 22. Qf3 Bh3 23. Rfe1 Rbd8 24. Bc3 Qg5 25. Re3 Qg6 26. Rbe1 f6 27. Be4 Qg5 28. Bd5+ Kh8 29. Bc4 h6 30. a4 f5 31. Bxe5 f4 32. Bxc7 fxe3 33. Bxd8 Rxf3 0-1


[Site "https://www.chess.com"]

[Event "Titled Tuesday Blitz February 22 Early 2022"]
[White "Szpar, Milosz"]
[Black "Miszler, Levente"]
[WhiteFideId "1184989"]
[BlackFideId "763276"]
[WhiteElo "2447"]
[BlackElo "1966"]
[Result "1-0"]
[Round "01"]
[TimeControl "180+1"]
[Date "2022.02.22"]
[WhiteClock "0:00:08"]
[BlackClock "0:00:29"]

1. e4 e6 2. Nf3 d5 3. e5 c5 4. b4 cxb4 5. a3 Nh6 6. axb4 Bxb4 7. c3 Be7 8. d4 Nf5 9. Bd3 Nc6 10. O-O h5 11. Na3 O-O 12. h3 Bd7 13. g4 hxg4 14. hxg4 Nh4 15. Nxh4 Bxh4 16. f4 g6 17. f5 exf5 18. gxf5 f6 19. e6 Be8 20. Bh6 Qd6 21. Qg4 g5 22. Bxf8 Kxf8 23. Nb5 Qb8 24. Kg2 Bh5 25. Qh3 a6 26. Na3 Qd6 27. Nb5 Qb8 28. Na3 Qd6 29. Nc2 Rc8 30. Ne3 Ne7 31. Rac1 Qb6 32. Kh1 Qb3 33. Ng2 Rxc3 34. Rxc3 Qxc3 35. Nxh4 gxh4 36. Qxh4 Qxd3 37. Qxf6+ Ke8 38. Qh8+ Ng8 39. Qxg8+ Ke7 40. f6+ Kd6 41. Qd8+ Kc6 42. Rc1+ Kb5 43. Qxd5+ Ka4 44. Ra1+ Kb4 45. Qc5+ Kb3 46. Ra3+ Kb2 47. Rxd3 1-0


[Site "https://www.chess.com"]

[Event "Titled Tuesday Blitz February 22 Early 2022"]
[White "Tillis., Bryan"]
[Black "Jones, Gawain C B"]
[WhiteFideId "2059053"]
[BlackFideId "409561"]
[WhiteElo "2406"]
[BlackElo "2657"]
[Result "0-1"]
[Round "01"]
[TimeControl "180+1"]
[Date "2022.02.22"]
[WhiteClock "0:00:07"]
[BlackClock "0:00:47"]

1. Nf3 g6 2. c4 Nf6 3. g3 Bg7 4. Bg2 O-O 5. O-O c5 6. Nc3 Nc6 7. d4 d6 8. dxc5 dxc5 9. Bf4 Nh5 10. Be3 Nd4 11. Qd2 e5 12. Rad1 Be6 13. b3 Qd7 14. Ng5 Bf5 15. Nge4 b6 16. Bh6 Bh3 17. Bxg7 Kxg7 18. e3 Bxg2 19. Kxg2 Qe8 20. exd4 exd4 21. Nxc5 bxc5 22. Nd5 Qd8 23. Rfe1 Nf6 24. Nxf6 Qxf6 25. Re4 a5 26. Qf4 Qxf4 27. Rxf4 Rfe8 28. Rd2 Re1 29. Rf3 Rae8 30. Rfd3 Ra1 31. Kf3 h5 32. h4 Kf6 33. Kf4 Re5 34. Kf3 Ke6 35. Kg2 Kd6 36. Rf3 f5 37. Rfd3 Ree1 38. Kf3 Ke5 39. Kg2 Ke4 40. f3+ Ke5 0-1


[Site "https://www.chess.com"]

[Event "Titled Tuesday Blitz February 22 Early 2022"]
[White "Todorovic, Bojan"]
[Black "Arabidze, Meri"]
[WhiteFideId "917087"]
[BlackFideId "13604040"]
[WhiteElo "2266"]
[BlackElo "2329"]
[Result "0-1"]
[Round "01"]
[TimeControl "180+1"]
[Date "2022.02.22"]
[WhiteClock "0:00:01"]
[BlackClock "0:00:32"]

1. Nf3 d5 2. c4 d4 3. b4 c5 4. Bb2 f6 5. e3 e5 6. bxc5 Nc6 7. exd4 exd4 8. d3 Bxc5 9. Be2 Nge7 10. O-O O-O 11. Nbd2 Nf5 12. Nb3 Bb6 13. Re1 Kh8 14. Bf1 a5 15. a4 Bc7 16. g3 Rb8 17. Re4 Nd6 18. Re1 Bg4 19. h3 Bh5 20. Bg2 Nf7 21. Nc5 Ng5 22. g4 Bf7 23. Nxg5 fxg5 24. Ne4 h6 25. Ba3 Re8 26. Ng3 Ne5 27. Be4 Ng6 28. Nf5 Nf4 29. Qf3 Bg6 30. Rab1 b6 31. Rb5 Bxf5 32. Rxf5 Bd6 33. Bxd6 Qxd6 34. Rb5 Rf8 35. Reb1 Qa3 36. Qd1 Nxh3+ 37. Kg2 Nxf2 38. Qe2 Nxe4 39. Qxe4 Rbe8 40. Qg6 Qc3 41. R5b2 Re7 42. Kg3 Ref7 0-1


[Site "https://www.chess.com"]

[Event "Titled Tuesday Blitz February 22 Early 2022"]
[White "Tomiello, Mateus Costamilan"]
[Black "Faizrakhmanov, Ramil"]
[WhiteFideId "22701958"]
[BlackFideId "24103209"]
[WhiteElo "1975"]
[BlackElo "2502"]
[Result "1-0"]
[Round "01"]
[TimeControl "180+1"]
[Date "2022.02.22"]
[WhiteClock "0:00:08"]
[BlackClock "0:00:04"]

1. e4 c5 2. Nf3 d6 3. d4 cxd4 4. Nxd4 Nf6 5. Nc3 a6 6. Be2 e6 7. O-O Be7 8. f4 Qc7 9. Kh1 b5 10. Bf3 Bb7 11. e5 dxe5 12. fxe5 Nfd7 13. Bxb7 Qxb7 14. Qg4 g6 15. Nxe6 fxe6 16. Qxe6 Nc6 17. Nd5 Nc5 18. Qf7+ Kd8 19. Rd1 Kc8 20. b4 Ne4 21. Be3 Kb8 22. Nxe7 Qxe7 23. Qd5 Kc7 24. Qxe4 Rad8 25. e6 Rxd1+ 26. Rxd1 Re8 27. Bf4+ Kb7 28. Rd6 Qc7 29. Qd5 Ka8 30. Qxc6+ 1-0


[Site "https://www.chess.com"]

[Event "Titled Tuesday Blitz February 22 Early 2022"]
[White "Toncheva, Nadya"]
[Black "Orozbaev, Eldiar"]
[WhiteFideId "2924056"]
[BlackFideId "13802240"]
[WhiteElo "1920"]
[BlackElo "2050"]
[Result "0-1"]
[Round "01"]
[TimeControl "180+1"]
[Date "2022.02.22"]
[WhiteClock "0:00:11"]
[BlackClock "0:01:32"]

1. e4 e6 2. d4 d5 3. Nd2 c5 4. exd5 exd5 5. Bb5+ Nc6 6. Ngf3 Bd6 7. O-O Ne7 8. dxc5 Bxc5 9. Nb3 Bd6 10. Nbd4 Bg4 11. Be3 O-O 12. h3 Bh5 13. Qd2 Qc7 14. Rfe1 a6 15. Bd3 Ne5 16. Nxe5 Bxe5 17. Rac1 Nc6 18. Nxc6 bxc6 19. c4 d4 20. Bg5 Rfe8 21. Qc2 Bg6 22. Bxg6 hxg6 23. Re2 Bh2+ 24. Kh1 Bf4 25. Bxf4 Qxf4 26. Rce1 Rxe2 27. Rxe2 Rd8 28. Qd3 c5 29. b3 Kf8 30. g3 Qc1+ 31. Kg2 Qg5 32. h4 Qf6 33. Re1 Qc6+ 34. Kh2 Re8 35. Rxe8+ Qxe8 36. f3 Qe1 37. Kg2 Qc3 38. Qe4 Qd2+ 39. Kf1 Kg8 40. Qe2 Qc1+ 41. Kf2 Qh1 42. Qe8+ Kh7 43. Qxf7 Qh2+ 44. Kf1 Qxg3 45. Qd5 Qh3+ 46. Ke2 Qg2+ 47. Kd3 Qf1+ 48. Ke4 Qe1+ 49. Kf4 Qxh4+ 50. Ke5 Qg5+ 51. Ke4 Qe3# 0-1


[Site "https://www.chess.com"]

[Event "Titled Tuesday Blitz February 22 Early 2022"]
[White "Tregubov, Pavel V."]
[Black "Coelho, Ramyres Santana"]
[WhiteFideId "4115341"]
[BlackFideId "2120690"]
[WhiteElo "2341"]
[BlackElo "1888"]
[Result "1-0"]
[Round "01"]
[TimeControl "180+1"]
[Date "2022.02.22"]
[WhiteClock "0:01:50"]
[BlackClock "0:00:23"]

1. e4 c5 2. Nf3 d6 3. Bb5+ Nd7 4. Ba4 a6 5. c3 b5 6. Bc2 Bb7 7. d4 cxd4 8. cxd4 g6 9. O-O Bg7 10. Nc3 b4 11. Nd5 a5 12. Ba4 e6 13. Bg5 f6 14. Nf4 Kf7 15. d5 Nc5 16. dxe6+ Ke7 17. Bh4 Nxa4 18. Qxa4 Bxe4 19. Rfe1 Bb7 20. Nd4 g5 21. Nf5+ Kf8 22. e7+ Nxe7 23. Rxe7 gxh4 24. Ne6+ 1-0


[Site "https://www.chess.com"]

[Event "Titled Tuesday Blitz February 22 Early 2022"]
[White "Tsatsalashvili, Keti"]
[Black "Weetik, Vjacheslav"]
[WhiteFideId "13603434"]
[BlackFideId "4153472"]
[WhiteElo "2246"]
[BlackElo "2469"]
[Result "0-1"]
[Round "01"]
[TimeControl "180+1"]
[Date "2022.02.22"]
[WhiteClock "0:00:38"]
[BlackClock "0:00:16"]

1. d4 d5 2. Nf3 e6 3. c4 c6 4. e3 Bd6 5. Nbd2 f5 6. Be2 Nf6 7. O-O Nbd7 8. b3 O-O 9. a4 Qe7 10. Bb2 a5 11. cxd5 exd5 12. Qc2 Ne4 13. g3 Rf6 14. Ne1 Rh6 15. Ndf3 g5 16. Nd3 g4 17. Nfe5 Nxe5 18. dxe5 Bc7 19. f3 gxf3 20. Bxf3 Be6 21. Rae1 Bb6 22. Nf4 Kh8 23. Ba1 Rg8 24. Kg2 Nxg3 25. Nxe6 Rxh2+ 26. Kxh2 Qh4+ 27. Kg2 Ne4+ 28. Ng5 Rxg5+ 29. Bg4 Qxg4+ 30. Kh1 Rh5+ 31. Qh2 Ng3+ 32. Kg2 Nxf1+ 33. Kxf1 Rxh2 34. e6+ Kg8 35. e7 Qf3+ 36. Kg1 Qg2# 0-1


[Site "https://www.chess.com"]

[Event "Titled Tuesday Blitz February 22 Early 2022"]
[White "Tsvetkov, Andrey"]
[Black "Olenik Campa, Rudi"]
[WhiteFideId "34139360"]
[BlackFideId "14633264"]
[WhiteElo "2280"]
[BlackElo "2051"]
[Result "1-0"]
[Round "01"]
[TimeControl "180+1"]
[Date "2022.02.22"]
[WhiteClock "0:00:03"]
[BlackClock "0:00:06"]

1. d4 Nf6 2. c4 e6 3. Nf3 d5 4. g3 Bb4+ 5. Nbd2 dxc4 6. Bg2 O-O 7. Qc2 a6 8. Qxc4 Be7 9. Qc2 b5 10. Ne5 Nd5 11. O-O Bb7 12. Nb3 f6 13. Nd3 Nd7 14. Ndc5 Nxc5 15. Nxc5 Bxc5 16. Qxc5 Qd6 17. Qc2 Rac8 18. e4 Nb4 19. Qd1 Nc6 20. Be3 Rcd8 21. Rc1 Ba8 22. d5 exd5 23. Bc5 Qd7 24. Bxf8 Kxf8 25. Qxd5 Ne7 26. Qc5 Kg8 27. Qxc7 Qxc7 28. Rxc7 Nc6 29. Rc1 Rd6 30. Rc8+ Rd8 1-0


[Site "https://www.chess.com"]